 Dungeon Crawl Stone Soup version 0.31-a0-654-gbe3e110b4e (webtiles) character file.

Game seed: 2745214280053125659

1731 NinjaNoafa the Ruffian (level 8, -7/62 HPs)
             Began as a Pale Draconian Shapeshifter on Aug 26, 2023.
             Was a Believer of Vehumet.
             Mangled by a gnoll sergeant
             ... wielding a +2 spear of freezing
              (11 damage)
             ... on level 6 of the Dungeon on Aug 29, 2023.
             The game lasted 00:17:28 (5589 turns).

NinjaNoafa the Ruffian (DrSh)                       Turns: 5589, Time: 00:17:28

Health: -7/62      AC:  8    Str: 23    XL:     8   Next: 76%
Magic:  8/8        EV: 12    Int: 13    God:    Vehumet [**....]
Gold:   114        SH:  0    Dex: 10    Spells: 5/7 levels left

rFire   . .          .
                       - Unarmed
rCold   . . .        (shield currently unavailable)
rNeg    . . .        (body armour unavailable)
rPois   +            (helmet restricted)
rElec   .            (no cloak)
rCorr   .            m - +0 pair of gloves
SInv    .            t - +0 pair of boots
Will    .....        (no amulet)
Stlth   +            f - +6 ring of strength
HPRegen 0.30/turn    r - ring of poison resistance
MPRegen 0.11/turn

%: no passive effects
@: flux-form, glowing
A: glow, contaminating, reduced hp, breathe steam, AC +6, unfitting armour,
cold-blooded, steam resistance
a: Breathe Steam, Begin Untransformation, Renounce Religion


You were on level 6 of the Dungeon.
You worshipped Vehumet.
Vehumet was pleased with you.
You were something dangerously unstable.
You visited 2 branches of the dungeon, and saw 8 of its levels.

You collected 323 gold pieces.
You spent 209 gold pieces at shops.

Inventory:

Missiles
 d - 6 javelins
 e - 6 poisoned darts
 n - 8 boomerangs
 u - 5 throwing nets
Armour
 m - a +0 pair of gloves (worn)
 t - a +0 pair of boots (worn)
Jewellery
 f - a +6 ring of strength (left hand)
 r - a ring of poison resistance (right hand)
 y - a ring of magical power
Talismans
 b - a beast talisman
 c - a flux talisman (active)
 B - a serpent talisman
Wands
 h - a wand of iceblast (5)
 o - a wand of flame (28)
 q - a wand of polymorph (7)
Scrolls
 i - 3 scrolls of teleportation
 j - a scroll of blinking
 l - 3 scrolls of enchant armour {unknown}
 p - a scroll of fear
 s - a scroll of torment {unknown}
 x - a scroll of acquirement {unknown}
Potions
 a - a potion of lignification
 g - a potion of magic
 k - 4 potions of curing
 v - a potion of ambrosia {unknown}
 w - a potion of degeneration
 z - a potion of enlightenment
 A - 2 potions of cancellation


   Skills:
 + Level 5.0 Fighting
 - Level 1.7 Dodging
 + Level 6.6 Unarmed Combat
 - Level 4.0 Transmutations
 - Level 4.0 Earth Magic
 + Level 6.1 Shapeshifting


You had 5 spell levels left.
You knew the following spells:

 Your Spells              Type           Power      Damage    Failure   Level
a - Passwall              Tmut/Erth      8%         N/A       9%          2

Your spell library contained the following spells:

 Spells                   Type           Power      Damage    Failure   Level
 Foxfire                  Conj/Fire      0%         2x1d4     30%         1
 Ensorcelled Hibernation  Hex/Ice        0%         N/A       43%         2
 Swiftness                Air            0%         N/A       67%         3
 Fireball                 Conj/Fire      0%         3d3       100%        5
 Iskenderun's Battlesphe  Conj           0%         2d6       100%        5
 Conjure Ball Lightning   Conj/Air       0%         3x3d6     100%        6
 Orb of Destruction       Conj           0%         9d5       100%        7


Dungeon Overview and Level Annotations

Branches:
Dungeon (7/15) Zot: 25280  Temple (1/1) D:5 Zot: 5940

Altars:
Cheibriados
Dithmenos
Gozag
Kikubaaqudgha
Makhleb
Okawaru
Qazlal
Ru
Trog
Vehumet
Wu Jian
Xom
The Shining One

Shops:
D:4 =   D:5 !   D:6 =


Innate Abilities, Weirdness & Mutations

You are something dangerously unstable.
You glow with magical radiation, making you easy to see and hit.
Foes you strike become dangerously contaminated with magical radiation.
Your maximum health is decreased, since you lack skill for your form.
You are incapable of wielding weapons or throwing items.
You can breathe blasts of scalding, opaque steam.
Your pale cyan-grey scales are hard. (AC +6)
You cannot fit into any form of body armour.
You are cold-blooded and may be slowed by cold attacks.
You are immune to the effects of steam.


Message History

The gnoll sergeant freezes you.
* * * LOW HITPOINT WARNING * * *
You take 15 damage, and have 29/62 hp.
MASSIVE DAMAGE!!
Unknown command.
Unknown command.
Press: ? - help, v - describe, . - travel
Here: a gnoll sergeant, wielding a +2 spear of freezing, wearing a +0 scale mail and wearing a +0 kite shield (covering ground quickly)
The floor.
The gnoll sergeant blocks your attack.
You feel yourself speed up.
The gnoll sergeant hits you with a +2 spear of freezing.
* * * LOW HITPOINT WARNING * * *
You feel yourself slow down. The gnoll sergeant freezes you.
* * * LOW HITPOINT WARNING * * *
The gnoll sergeant hits you with a +2 spear of freezing!
* * * LOW HITPOINT WARNING * * *
The gnoll sergeant freezes you.
* * * LOW HITPOINT WARNING * * *
You take 18 damage, and have 11/62 hp.
MASSIVE DAMAGE!!
Okay, then.
The gnoll sergeant hits you from afar with a +2 spear of freezing!
* * * LOW HITPOINT WARNING * * *
The gnoll sergeant freezes you.
* * * LOW HITPOINT WARNING * * *
You take 9 damage, and have 2/62 hp.
Blink to where?
Press: ? - help, Dir - move target
As you read the scroll of blinking, it crumbles to dust.
You feel yourself speed up.
You see here a +0 club.
You have got your breath back.
The gnoll sergeant is no longer moving quickly.
The gnoll shouts!
The gnoll attacks as it pursues you! The gnoll barely misses you.
The gnoll attacks as it pursues you!
The gnoll hits you from afar with a +0 spear.
* * * LOW HITPOINT WARNING * * *
The gnoll sergeant attacks as it pursues you!
The gnoll sergeant hits you from afar with a +2 spear of freezing!
You die...

#...........................
##..##.............###......
#.........##.......##....#.
##.......####.............#
#......##..).#...........#
#####......##..'.###..........
###.##...#...g####.#.#....#.....
#..............##.........##>..#
##...........g.B........##....##
#...##.....##..........##...##
#####.)......................#
#........###..............#
#.....#####.......##......#
##....######................
##......).###......#.......#.
#..).##....##.....##......##.
#..)####...##.....#..........


You could see a gnoll sergeant and a gnoll.

Vanquished Creatures
  A steam dragon (D:6)
  3 ogres
  A bullfrog (D:7)
  2 gnoll sergeants (D:6)
  3 scorpions
  A howler monkey (D:4)
  2 jellies (D:6)
  4 hounds
  An orc priest (D:5)
  4 gnoll boudas (D:6)
  4 iguanas
  Natasha (thrice) (D:3)
  A sleepcap (D:4)
  3 orc wizards
  Robin (D:4)
  18 gnolls (D:6)
  2 adders (D:5)
  An ufetubus (D:6)
  2 worms (D:2)
  4 dart slugs
  18 orcs
  7 ball pythons
  4 endoplasms
  6 giant cockroaches
  14 goblins
  11 hobgoblins
  6 jackals (D:6)
  11 kobolds
  2 quokkas
  8 bats
  2 frilled lizards (D:1)
  5 rats
155 creatures vanquished.

Notes
Turn   | Place    | Note
-------+----------+-------------------------------------------
     0 | D:1      | NinjaNoafa the Draconian Shapeshifter began the quest for
                  | the Orb.
     0 | D:1      | Reached XP level 1. HP: 16/16 MP: 1/1
     0 | D:1      | Upgraded the game from 0.31-a0-636-ge1c0e020e0 to
                  | 0.31-a0-640-g39d97e502b
   220 | D:1      | Reached XP level 2. HP: 18/23 MP: 2/2
   776 | D:1      | Reached XP level 3. HP: 27/28 MP: 3/3
  1641 | D:3      | Noticed Natasha
  1647 | D:3      | Killed Natasha
  1648 | D:3      | Reached XP level 4. HP: 27/35 MP: 4/4
  1675 | D:3      | Found a faded altar of an unknown god.
  1802 | D:3      | Learned a level 2 spell: Passwall
  1959 | D:3      | Noticed Natasha
  1970 | D:3      | Killed Natasha
  2232 | D:3      | Noticed Natasha
  2239 | D:3      | Killed Natasha
  2240 | D:3      | Reached skill level 1 in Transmutations
  2240 | D:3      | Reached XP level 5. HP: 40/40 MP: 5/5
  2392 | D:4      | Reached skill level 1 in Earth Magic
  2648 | D:4      | Reached XP level 6. HP: 8/47 MP: 6/6
  2824 | D:4      | Noticed Robin
  2849 | D:4      | Killed Robin
  3178 | D:4      | Found Ker Quc's Jewellery Shop.
  3248 | D:4      | Found a sacrificial altar of Ru.
  3565 | D:5      | Entered Level 5 of the Dungeon
  3594 | D:5      | Found a staircase to the Ecumenical Temple.
  3604 | Temple   | Entered the Ecumenical Temple
  3634 | Temple   | Became a worshipper of Vehumet
  3696 | D:5      | You fall into a shaft and drop 2 floors!
  3705 | D:7      | Your scales start taking on a pale cyan-grey colour.
  3705 | D:7      | Reached XP level 7. HP: 31/52 MP: 7/7
  3705 | D:7      | Gained mutation: You are immune to the effects of steam.
                  | [Pale Draconian growth]
  4059 | D:5      | Reached skill level 5 in Unarmed Combat
  4176 | D:5      | Found Upual's Distillery.
  4185 | D:5      | Bought a potion of curing for 33 gold pieces
  4185 | D:5      | Bought a potion of heal wounds for 55 gold pieces
  4185 | D:5      | Bought a potion of attraction for 33 gold pieces
  4185 | D:5      | Bought a potion of cancellation for 88 gold pieces
  4479 | D:6      | Found Xymuof's Jewellery Shop.
  4516 | D:6      | Reached * piety under Vehumet
  4516 | D:6      | Offered knowledge of Sandblast by Vehumet.
  4558 | D:6      | Reached skill level 5 in Shapeshifting
  4572 | D:6      | Reached XP level 8. HP: 51/63 MP: 8/8
  4607 | D:6      | HP: 2/94 [gnoll bouda/+0 club (3)]
  4632 | D:6      | HP: 4/99 [orc/+0 club (4)]
  5050 | D:6      | Offered knowledge of Foxfire by Vehumet.
  5209 | D:5      | Upgraded the game from 0.31-a0-640-g39d97e502b to
                  | 0.31-a0-654-gbe3e110b4e
  5310 | D:6      | Reached ** piety under Vehumet
  5570 | D:6      | Reached skill level 5 in Fighting
  5574 | D:6      | HP: 2/62 [gnoll sergeant/+2 spear of freezing (3)]
  5589 | D:6      | Mangled by a gnoll sergeant

Illustrated notes

Levels and vault maps discovered:
D:1:      dpeg_cavernosity, layout_basic
D:2:      layout_loops_ring, st_stairs_6
D:3:      layout_basic, shapermc_ecumenical_altar_hornbeckon,
          guppyfry_early_lair_pool, uniq_natasha
D:4:      layout_basic, nicolae_ru_awakened_eye, serial_shops, shop_fountains,
          wad_floor_pattern_untrapped, uniq_robin
D:5:      layout_loops_ring, minmay_temple_entry_ruins, serial_shops,
          nicolae_diamond_shop
D:6:      layout_cave_pools, serial_shops, nicolae_shop_tiny_statue_garden,
          serial_gnoll_camp, gnoll_camp_mini_hut, gnoll_camp_huts_basic,
          gnoll_camp_mini_hut, gnoll_camp_medium_02,
          chequers_serial_rivers_micro_c
D:7:      layout_loops_ring
Temple:   chequers_temple_sunken

Skill      XL: |  1  2  3  4  5  6  7  8 |
---------------+-------------------------+-----
Unarmed Combat | 4 5 6 |  6.6
Shapeshifting  | 4 5 6 |  6.1
Transmutations | 1 3 4 |  4.0
Earth Magic    | 1 3 4 |  4.0
Fighting       | 3 5 |  5.0
Dodging        | |  1.7

Action                     |  1- 3 |  4- 6 |  7- 9 || total
---------------------------+-------+-------+-------++-------
  Melee: Unarmed           |    95 |   160 |   139 ||   394
         Tailslap          |    11 |    20 |    22 ||    53
         Punch             |     2 |     3 |     2 ||     7
   Cast: Passwall          |       |     1 |       ||     1
Ability: Breathe Steam     |       |       |    21 ||    21
  Evoke: Wand              |       |     1 |       ||     1
    Use: Scroll            |       |       |    10 ||    10
         Potion            |       |       |     7 ||     7
   Stab: Distracted        |     1 |       |       ||     1
         Sleeping          |       |     1 |       ||     1
 Armour: Skin              |    29 |    40 |   114 ||   183
  Dodge: Dodged            |    59 |    74 |    96 ||   229
   Form: Flux              |       |     1 |       ||     1

Table legend: (Time is in decaauts)
 A = Elapsed time spent in this place.
 B = Non-inter-level travel time spent in this place.
 C = Inter-level travel time spent in this place.
 D = Time resting spent in this place.
 E = Time spent auto-exploring this place.
 F = Levels seen in this place.
 G = Mean time per level.
                   A        B        C        D        E       F      G
               +--------+--------+--------+--------+--------+-----+--------+
         Total |   5580 |   5314 |    266 |    735 |   3436 |   8 |  697.5 |
       Dungeon |   5520 |   5290 |    230 |    735 |   3436 |   7 |  788.6 |
        Temple |     59 |     24 |     35 |      0 |      0 |   1 |   59.0 |
               +--------+--------+--------+--------+--------+-----+--------+

Top non-repeatable levels by time:
     D:4: 1198 daAuts
     D:5: 935 daAuts
     D:1: 902 daAuts
     D:6: 857 daAuts
     D:3: 804 daAuts
     D:2: 661 daAuts
     D:7: 161 daAuts
  Temple: 59 daAuts
